 Dungeon Crawl Stone Soup version 0.28.0-49-g6dfe1f597d (webtiles) character file.

Game seed: 4815308232321857252

2566 Exodus22XD the Spear-Bearer (level 9, -7/69 HPs)
             Began as a Demonspawn Gladiator on May 15, 2022.
             Mangled by a wyvern (9 damage)
             ... on level 8 of the Dungeon.
             The game lasted 00:10:15 (6934 turns).

Exodus22XD the Spear-Bearer (Demonspawn Gladiator)  Turns: 6934, Time: 00:10:16

Health: -7/69      AC: 12    Str: 18    XL:     9   Next: 31%
Magic:  9/9        EV:  9    Int: 11    God:
Gold:   270        SH:  5    Dex: 14    Spells: 8/8 levels left

rFire   . . .      SeeInvis .   a - +0 trident
rCold   . . .      Faith    .   (no shield)
rNeg    . . .      Spirit   .   v - +0 chain mail
rPois   .          Reflect  +   c - +0 helmet
rElec   .          Harm     .   (cloak unavailable)
rCorr   .          Rampage  .   (no gloves)
Will    .....                   q - +0 pair of boots
Stlth   ..........              w - amulet of reflection
HPRegen 0.21/turn               (no ring)
MPRegen 0.22/turn               (no ring)

@: no status effects
A: powered by pain 1, magic regeneration, weakness stinger 3
a: no special abilities


You were on level 8 of the Dungeon.
You visited 1 branch of the dungeon, and saw 8 of its levels.

You collected 270 gold pieces.

Inventory:

Hand Weapons
 a - a +0 trident (weapon)
Missiles
 d - 4 throwing nets (quivered)
Armour
 c - a +0 helmet (worn)
 q - a +0 pair of boots (worn)
 v - a +0 chain mail (worn)
Jewellery
 k - a ring of wizardry
 s - a +4 ring of evasion
 t - an amulet of regeneration
 w - an amulet of reflection (around neck)
Wands
 j - a wand of acid (5)
Scrolls
 e - a scroll of enchant weapon
 g - 2 scrolls of fear
 h - a scroll of magic mapping
 i - a scroll of teleportation
 m - 2 scrolls of amnesia {unknown}
 o - a scroll of immolation
 p - a scroll of fog {unknown}
Potions
 b - a potion of might {unknown}
 f - a potion of curing
 l - a potion of mutation
 n - a potion of brilliance


   Skills:
 + Level 5.7 Fighting
 + Level 8.4 Polearms
 + Level 1.7 Throwing
 + Level 4.4 Armour
 + Level 5.0 Dodging
 + Level 2.2 Stealth
 + Level 0.5 Shields
 + Level 0.5 Evocations


You had 8 spell levels left.
You didn't know any spells.
Your spell library contained the following spells:

 Spells                   Type           Power      Damage    Failure   Level
 Sandblast                Erth           0%         2d4       99%         1
 Summon Small Mammal      Summ           0%         N/A       99%         1
 Passwall                 Tmut/Erth      0%         N/A       100%        2
 Call Canine Familiar     Summ           0%         N/A       100%        3
 Gell's Gravitas          Tloc           0%         N/A       100%        3
 Lesser Beckoning         Tloc           0%         N/A       100%        3
 Stone Arrow              Conj/Erth      0%         3d7       100%        3
 Summon Guardian Golem    Hex/Summ       0%         N/A       100%        3
 Teleport Other           Tloc           0%         N/A       100%        3


Dungeon Overview and Level Annotations

Branches:
Dungeon (8/15)
 Temple: D:4-7         Lair: D:8-11

Altars:
Dithmenos
Makhleb
Vehumet
Xom
Zin
The Shining One

Annotations:
D:3 1 runed translucent door, Atelerd's ghost, amateur OpEE


Innate Abilities, Weirdness & Mutations

You sometimes gain a little power by taking damage.
You regenerate magic rapidly.
You have a sharp stinger which inflicts weakening toxins.


Message History

The scorpion stings you but does no damage.
The wyvern bites you but does no damage.
You hit the wyvern.
The wyvern is severely wounded.
The wyvern hisses menacingly.
The scorpion stings you but does no damage.
You block the wyvern's attack.
The wyvern is no longer weakened.
The wyvern barely misses you.
The scorpion stings you but does no damage.
The wyvern misses you.
Unknown command.
You puncture the scorpion!
The scorpion is heavily wounded.
You block the scorpion's attack. The wyvern barely misses you.
You hit the scorpion but do no damage.
The scorpion is heavily wounded.
The wyvern bites you.
The scorpion stings you but does no damage.
You block the wyvern's attack.
The scorpion stings you but does no damage.
You hit the scorpion. You tail-slap the scorpion.
You kill the scorpion!
The wyvern bites you but does no damage.
The water moccasin bites you but does no damage.
You closely miss the water moccasin. The wyvern barely misses you.
The water moccasin bites you but does no damage.
The wyvern bites you!
You hit the water moccasin but do no damage.
The water moccasin bites you but does no damage.
The wyvern bites you but does no damage.
You barely miss the water moccasin.
The water moccasin bites you but does no damage.
The wyvern barely misses you.
You miss the water moccasin. You block the water moccasin's attack.
The wyvern bites you!
* * * LOW HITPOINT WARNING * * *
The water moccasin bites you!
* * * LOW HITPOINT WARNING * * *
The wyvern bites you!
You die...

...## ...8 ...#
..##. ...# ..#..
...## .....#
...8# .#.....
###...#
.......##S@...#
........lSl#####


SPlP..##hcl# ..P.#.##.### PS..#......# PPP....>S.## ..P♣.....## P........#
.P.......# You could see 2 water moccasins, 3 wyverns, a wolf and a centaur.

Vanquished Creatures
  Joseph (D:7)
  Maggie (D:7)
  Grinder (D:6)
  A water moccasin (D:3)
  A sky beast (D:4)
  An ogre (D:6)
  3 centaurs (D:6)
  A phantom (D:5)
  A wolf (D:6)
  2 bullfrogs
  3 scorpions
  A water moccasin skeleton (D:5)
  2 howler monkeys
  A centaur zombie (D:5)
  A crimson imp (D:3)
  2 hounds
  A jelly (D:6)
  An orc priest (D:6)
  A bullfrog skeleton (D:6)
  A gnoll shaman (D:5)
  2 iguanas
  3 orc wizards
  Natasha (thrice) (D:3)
  Robin (D:3)
  6 gnolls (D:5)
  6 adders
  A white imp (D:7)
  An ufetubus (D:4)
  2 adder skeletons (D:4)
  3 dart slugs
  20 orcs
  8 bats
  8 endoplasms
  A giant cockroach (D:3)
  8 hobgoblins
  3 jackals (D:5)
  2 quokkas
  4 ball pythons
  4 frilled lizards
  16 goblins
  4 kobolds
  5 rats
138 creatures vanquished.

Vanquished Creatures (others)
  A bullfrog zombie (D:6)
  8 plants (D:8)
9 creatures vanquished.

Grand Total: 147 creatures vanquished

Notes
Turn   | Place    | Note
-------+----------+-------------------------------------------
     0 | D:1      | Exodus22XD the Demonspawn Gladiator began the quest for the
                  | Orb.
     0 | D:1      | Reached XP level 1. HP: 16/16 MP: 1/1
   110 | D:1      | Reached skill level 3 in Polearms
   162 | D:1      | Gained mutation: You sometimes gain a little power by
                  | taking damage. [demonic ancestry]
   162 | D:1      | Reached XP level 2. HP: 19/22 MP: 2/2
   416 | D:1      | Found a faded altar of an unknown god.
  1081 | D:2      | Reached XP level 3. HP: 15/27 MP: 3/3
  2002 | D:3      | Reached skill level 1 in Armour
  2092 | D:3      | Noticed a water moccasin
  2097 | D:3      | Killed a water moccasin
  2098 | D:3      | Reached skill level 4 in Polearms
  2098 | D:3      | Gained mutation: You have a small tail. [demonic ancestry]
  2098 | D:3      | Reached XP level 4. HP: 25/34 MP: 4/4
  2098 | D:3      | Gained mutation: You have a tail ending in a sharp stinger.
                  | [demonic ancestry]
  2098 | D:3      | Reached XP level 5. HP: 29/39 MP: 5/5
  2297 | D:3      | Noticed Natasha
  2314 | D:3      | Killed Natasha
  2316 | D:3      | Noticed Robin
  2578 | D:3      | Killed Robin
  2938 | D:3      | Found a runed translucent door.
  2938 | D:3      | Noticed Atelerd's ghost (amateur OpEE)
  3267 | D:3      | Found a burning altar of Makhleb.
  3298 | D:3      | Found a shimmering altar of Xom.
  3318 | D:3      | Gained mutation: You have a sharp stinger which inflicts
                  | weakening toxins. [demonic ancestry]
  3318 | D:3      | Reached XP level 6. HP: 22/46 MP: 6/6
  3582 | D:3      | Noticed Natasha
  3590 | D:3      | Killed Natasha
  3591 | D:3      | Reached skill level 1 in Stealth
  3671 | D:3      | Noticed Natasha
  3679 | D:3      | Killed Natasha
  3680 | D:3      | Reached skill level 5 in Polearms
  4227 | D:4      | Noticed a sky beast
  4235 | D:4      | Killed a sky beast
  4236 | D:4      | Reached XP level 7. HP: 46/52 MP: 7/7
  4822 | D:4      | You fall into a shaft and drop 3 floors!
  4847 | D:5      | Entered Level 5 of the Dungeon
  4943 | D:5      | Reached skill level 6 in Polearms
  5563 | D:6      | Gained mutation: You regenerate magic rapidly. [demonic
                  | ancestry]
  5563 | D:6      | Reached XP level 8. HP: 31/60 MP: 8/8
  5657 | D:6      | Noticed a two-headed ogre
  5714 | D:6      | Reached skill level 7 in Polearms
  5764 | D:6      | Noticed Grinder
  5764 | D:6      | Paralysed by Grinder for 6 turns
  5780 | D:6      | Killed Grinder
  5798 | D:6      | Reached skill level 5 in Fighting
  6472 | D:6      | Found a shadowy altar of Dithmenos.
  6784 | D:7      | Noticed Maggie
  6800 | D:7      | HP: 2/62 [Maggie/bolt of fire (13)]
  6806 | D:7      | Killed Maggie
  6807 | D:7      | Reached skill level 8 in Polearms
  6807 | D:7      | Reached XP level 9. HP: 21/68 MP: 9/9
  6814 | D:7      | Noticed Joseph
  6824 | D:7      | Killed Joseph
  6825 | D:7      | Reached skill level 5 in Dodging
  6871 | D:8      | Found a radiant altar of Vehumet.
  6934 | D:8      | HP: 2/69 [water moccasin (7)]
  6934 | D:8      | Mangled by a wyvern

Illustrated notes

Levels and vault maps discovered:
D:1:      lightli_arrival_statue_moat, layout_loops_ring,
          ebering_ecumenical_altar_mist
D:2:      layout_basic
D:3:      layout_loops_ring, grunt_temple_overflow_champion_of_chaos,
          zin_scriptorium, hellmonk_ghost_happy_afterlife, uniq_robin,
          uniq_natasha
D:4:      layout_loops_corners
D:5:      layout_cave_pools, serial_gnoll_camp, gnoll_camp_huts_basic,
          grums_kennel, gnoll_camp_mini_hut, gnoll_camp_mini_house
D:6:      layout_cave_pods, lemuel_coloured_pillars_altar,
          mainiacjoe_overflow_alcove_1, uniq_grinder
D:7:      layout_basic, grunt_temple_overflow_diamond,
          minmay_temple_entry_butterflies, uniq_maggie, uniq_joseph,
          uniq_menkaure
D:8:      layout_cave_pools, vehumet_crystals, minmay_lair_entry_grove,
          enter_bailey_5, corexii_hall_statues_x, grunt_ministairs_10,
          minmay_mini_ossuary

Skill      XL: |  1  2  3  4  5  6  7  8  9 |
---------------+----------------------------+-----
Polearms       | 3 4 5 6 8 |  8.4
Dodging        | 3 4 5 |  5.0
Armour         | 1 2 4 |  4.4
Fighting       | 3 4 5 |  5.7
Stealth        | 1 2 |  2.2
Throwing       | |  1.7
Shields        | |  0.5
Evocations     | |  0.5

Action                   |  1- 3 |  4- 6 |  7- 9 || total
-------------------------+-------+-------+-------++-------
Melee: Trident           |   114 |   143 |   347 ||   604
       Tailslap          |       |     9 |    47 ||    56
       Punch             |       |     3 |     7 ||    10
Evoke: Wand              |     2 |     2 |       ||     4
  Use: Potion            |       |     1 |     5 ||     6
       Scroll            |       |       |     9 ||     9
 Stab: Sleeping          |     2 |     3 |     2 ||     7
       Distracted        |       |       |     1 ||     1
Armor: Leather armour    |    28 |    23 |    59 ||   110
       Chain mail        |       |       |   107 ||   107
Dodge: Dodged            |    53 |    76 |   270 ||   399
Block: Other             |       |       |    13 ||    13
